 Dungeon Crawl Stone Soup version 0.29.0-15-g675c0067aa (webtiles) character file.

Game seed: 10216141881690952238

35 qw the Chopper (level 3, -8/31 HPs)
             Began as a Minotaur Berserker on Sept 13, 2022.
             Was a Follower of Trog.
             Mangled by Sigmund
             ... wielding a +1 vorpal scythe
              (9 damage)
             ... on level 2 of the Dungeon.
             The game lasted 00:00:30 (1476 turns).

qw the Chopper (Minotaur Berserker)                 Turns: 1476, Time: 00:00:30

Health: -8/31      AC:  5    Str: 23    XL:     3   Next: 16%
Magic:  2/2        EV: 11    Int:  4    God:    Trog [*.....]
Gold:   15         SH:  0    Dex:  9    Spells: 2/2 levels left

rFire   . . .      SeeInvis .   Y - +0 hand axe
rCold   . . .      Faith    .   (no shield)
rNeg    . . .      Spirit   .   j - +0 ring mail
rPois   .          Reflect  .   (helmet restricted)
rElec   .          Harm     .   (no cloak)
rCorr   .          Rampage  .   (no gloves)
Will    .....                   (no boots)
Stlth   ..........              (no amulet)
HPRegen 0.10/turn               (no ring)
MPRegen 0.08/turn               (no ring)

@: on berserk cooldown, slowed, very slow
A: horns 2, retaliatory headbutt
a: Renounce Religion, Berserk


You were on level 2 of the Dungeon.
You worshipped Trog.
Trog was aware of your devotion.
You visited 1 branch of the dungeon, and saw 2 of its levels.

You collected 51 gold pieces.
You spent 36 gold pieces at shops.


Innate Abilities, Weirdness & Mutations

You have a pair of horns on your head.
You reflexively headbutt those who attack you in melee.


   Skills:
 - Level 3.6 Fighting
 + Level 5.2 Axes
 - Level 2.4 Armour
 - Level 2.1 Dodging


You had 2 spell levels left.
You didn't know any spells.
Your spell library was empty.

Inventory:

Hand Weapons
 h - a +0 whip
 Y - a +0 hand axe (weapon)
Armour
 j - a +0 ring mail (worn)
Potions
 a - a potion of ambrosia {unknown}
 b - a potion of brilliance {unknown}
 d - a potion of degeneration {unknown}
 e - a potion of resistance {unknown}
 f - a potion of attraction {unknown}

Dungeon Overview and Level Annotations

Branches:
Dungeon (2/15)

Altars:

Shops:
D:1 *

Annotations:
D:2 Sigmund


Message History

You barely miss Sigmund.
Sigmund is moderately wounded.
You closely miss Sigmund.
Sigmund is moderately wounded.
Sigmund gestures at you while chanting.
You are confused.
You're too confused to move!
Sigmund hits you with a +1 vorpal scythe.
You slash Sigmund! Your headbutt misses Sigmund.
Sigmund is heavily wounded.
You barely miss Sigmund.
Sigmund is heavily wounded.
You miss Sigmund.
Sigmund is heavily wounded.
Sigmund hits you with a +1 vorpal scythe!
You miss Sigmund.
Sigmund is heavily wounded.
You barely miss Sigmund.
Sigmund is heavily wounded.
Sigmund casts a spell at you. The magic dart hits you.
You barely miss Sigmund. Your headbutt misses Sigmund.
Sigmund is heavily wounded.
You bump into the rock wall.
Sigmund closely misses you.
You bump into the rock wall.
You feel a strong urge to attack something.
You are no longer berserk.
You are exhausted.
You feel yourself slow down.
1474 ||| DRINKING potion of curing.
You feel better.
1474 ||| (to cure confusion) Sigmund closely misses you.
You hit Sigmund.
Sigmund is severely wounded.
Sigmund hits you with a +1 vorpal scythe!
You slash Sigmund!
Sigmund is almost dead.
Sigmund hits you with a +1 vorpal scythe!
You die...

. # #.# #.# #.#
########### #.#
#.....@@..# ##.####
#.#######.#
...##.#####.#
#..#.#....#.######
#.........)......#
#..##.###..........
..###.# ###.####.#.
### #.# #.# .. #.#
#.#


You could see Sigmund.

Vanquished Creatures
  A dart slug (D:2)
  A worm (D:2)
  2 bats (D:1)
  An endoplasm (D:1)
  2 giant cockroaches (D:1)
  3 goblins
  5 hobgoblins
  3 quokkas
  2 ball pythons (D:1)
  3 frilled lizards
  2 kobolds (D:1)
  3 rats (D:1)
28 creatures vanquished.

Notes
Turn   | Place    | Note
-------+----------+-------------------------------------------
     0 | D:1      | qw the Minotaur Berserker began the quest for the Orb.
     0 | D:1      | Reached XP level 1. HP: 19/19 MP: 0/0
     0 | D:1      | 0 ||| qw: Version: 0.1-a-119-g272c26d
     0 | D:1      | 0 ||| qw: Game counter: 11069
     0 | D:1      | 0 ||| qw: Always use a shield: true
     0 | D:1      | 0 ||| qw: Do Orc after D:15 true
     0 | D:1      | 0 ||| qw: Do second Lair branch before Depths: true
     0 | D:1      | 0 ||| qw: Lair rune preference: random
     0 | D:1      | 0 ||| qw: Plans: Normal
     0 | D:1      | 0 ||| PLANNING D:1-11
   198 | D:1      | Reached skill level 4 in Axes
   412 | D:1      | Found Wusye's Assorted Antiques.
   414 | D:1      | 414 ||| Stepping ~*~*~tactically~*~*~ (stealth).
   418 | D:1      | 418 ||| Stepping ~*~*~tactically~*~*~ (stealth).
   435 | D:1      | Reached XP level 2. HP: 26/26 MP: 1/1
   461 | D:1      | 461 ||| BUYING amethyst potion (18 gold).
   461 | D:1      | Bought an amethyst potion for 18 gold pieces
   461 | D:1      | 461 ||| SHOPLISTING chain mail (90 gold, have 18).
   461 | D:1      | 461 ||| BUYING dark potion (18 gold).
   461 | D:1      | Bought a dark potion for 18 gold pieces
   461 | D:1      | 461 ||| SHOPLISTING leather armour (40 gold, have 0).
   461 | D:1      | 461 ||| SHOPLISTING ring mail (80 gold, have 0).
   461 | D:1      | 461 ||| SHOPLISTING scroll labelled DUCWEODU KUQU (20 gold,
                  | have 0).
   461 | D:1      | 461 ||| SHOPLISTING spiked plate armour (560 gold, have 0).
   542 | D:1      | Found a faded altar of an unknown god.
   979 | D:1      | 979 ||| UPGRADING to +0 ring mail.
   989 | D:1      | 989 ||| DROPPING +0 animal skin.
   990 | D:1      | 990 ||| READING scroll labelled YNUOLUADIU.
   991 | D:1      | 991 ||| READING scroll labelled CAEPUCK REREE.
   994 | D:1      | 994 ||| DRINKING 2 clear potions.
  1062 | D:2      | 1062 ||| Stepping ~*~*~tactically~*~*~ (stealth).
  1074 | D:2      | Reached skill level 5 in Axes
  1135 | D:2      | Reached XP level 3. HP: 21/31 MP: 2/2
  1326 | D:2      | 1326 ||| INVOKING Berserk.
  1456 | D:2      | Noticed Sigmund
  1460 | D:2      | 1460 ||| INVOKING Berserk.
  1468 | D:2      | HP: 8/46 [Sigmund/+1 vorpal scythe (9)]
  1474 | D:2      | 1474 ||| DRINKING potion of curing.
  1474 | D:2      | 1474 ||| (to cure confusion)
  1475 | D:2      | HP: 4/31 [Sigmund/+1 vorpal scythe (9)]
  1475 | D:2      | HP: 1/31 [Sigmund/+1 vorpal scythe (3)]
  1476 | D:2      | Mangled by Sigmund

Levels and vault maps discovered:
D:1:      matt_arrival_los_fun, layout_loops_ring, ebering_ecumenical_altar_box,
          serial_shops, nicolae_shop_advertising_works
          [nicolae_subvault_shop_adworks]
D:2:      layout_loops_ring, basic_altar, uniq_sigmund

Skill      XL: |  1  2 |
---------------+-------+-----
Axes           | 4 5 |  5.2
Fighting       | |  3.6
Armour         | |  2.4
Dodging        | |  2.1

Action                   || total
-------------------------++-------
Melee: Hand axe          ||    74
       Headbutt          ||     4
Invok: Berserk           ||     2
  Use: Scroll            ||     2
       Potion            ||     2
Armor: Ring mail         ||     5
       Animal skin       ||     2
Dodge: Dodged            ||    24

Table legend:
 A = Non-vault XP
 B = Vault XP
 C = Vault XP percentage of total XP
 D = Non-vault monster count
 E = Vault monster count
 F = Vault count percentage of total count
                 A         B        C        D         E       F
            +---------+---------+-------+---------+---------+-------
      Total |      50 |       0 |   0.0 |      28 |       0 |   0.0
            +---------+---------+-------+---------+---------+-------
        D:1 |      29 |       0 |   0.0 |      19 |       0 |   0.0
        D:2 |      21 |       0 |   0.0 |       9 |       0 |   0.0
            +---------+---------+-------+---------+---------+-------
